[Event "Titled Tuesday Blitz August 17 2021"]
[White "Thing, Bibek"]
[Black "Durarbayli, Vasif"]
[WhiteFideId "12303135"]
[BlackFideId "13402935"]
[WhiteElo "2000"]
[BlackElo "2522"]
[Result "1/2-1/2"]
[Round "08"]
[TimeControl "180+1"]
[Date "2021.08.17"]
[WhiteClock "0:00:09"]
[BlackClock "0:00:05"]

1. e4 e5 2. Nf3 Nc6 3. Bc4 Bc5 4. d3 Nf6 5. a4 O-O 6. O-O h6 7. a5 a6 8. c3 d5 9. exd5 Nxd5 10. Re1 Bg4 11. h3 Bh5 12. Nbd2 Nf4 13. Ne4 Ba7 14. Bxf4 exf4 15. d4 Ne7 16. Ned2 c5 17. dxc5 Bxc5 18. Re5 Bxf3 19. Nxf3 Bd6 20. Re4 Nc6 21. Bd5 Qc7 22. Rc4 Rad8 23. Bxc6 bxc6 24. Qa4 Rc8 25. b4 Qb7 26. Rd1 Bb8 27. Qc2 Rfe8 28. Qf5 g6 29. Qf6 Re6 30. Rd8+ Rxd8 31. Qxd8+ Kg7 32. Qd4+ Rf6 33. Nd2 Ba7 34. Qe5 Bb8 35. Qd4 Ba7 36. Rc5 Bxc5 37. bxc5 Qe7 38. Ne4 g5 39. Kf1 Kg6 40. Nxf6 Qxf6 41. Qd3+ Qf5 42. Qxa6 Qb1+ 43. Ke2 Qc2+ 44. Ke1 Qxc3+ 45. Ke2 Qc2+ 46. Ke1 Qb1+ 47. Ke2 Qe4+ 48. Kf1 Qb1+ 49. Ke2 Qc2+ 50. Ke1 Qxc5 51. Qd3+ Kg7 52. a6 Qa5+ 53. Ke2 Qa2+ 54. Kf3 f6 55. Kg4 Qe6+ 56. Kf3 Qa2 57. Kg4 Qe6+ 58. Kf3 Qa2 1/2-1/2


[Site "https://www.chess.com"]

[Event "Titled Tuesday Blitz August 17 2021"]
[White "Tikhonov, Viacheslav"]
[Black "Karttunen, Mika"]
[WhiteFideId "44196407"]
[BlackFideId "502081"]
[WhiteElo "1773"]
[BlackElo "2343"]
[Result "0-1"]
[Round "08"]
[TimeControl "180+1"]
[Date "2021.08.17"]
[WhiteClock "0:00:02"]
[BlackClock "0:00:08"]

1. e4 c5 2. Nf3 e6 3. b3 Nf6 4. e5 Nd5 5. Bb2 Be7 6. g3 O-O 7. Bg2 f5 8. O-O Nc6 9. c4 Nc7 10. d4 cxd4 11. Nxd4 Rb8 12. Nb5 a6 13. Nd6 Bxd6 14. Qxd6 Ne8 15. Qd3 Qc7 16. f4 b5 17. c5 Bb7 18. a3 Ne7 19. Bxb7 Rxb7 20. Bd4 Qc6 21. Nd2 Nc7 22. b4 Qd5 23. Nb3 Nc6 24. Rfd1 Qc4 25. Qxc4 bxc4 26. Nc1 a5 27. Bc3 Nd5 28. Ne2 axb4 29. axb4 Rfb8 30. Rab1 Kf7 31. Kf2 Ncxb4 32. Bxb4 Rxb4 33. Rxb4 Rxb4 34. Ra1 Ke7 35. Ra7 Kd8 36. c6 dxc6 37. Rxg7 Rb2 38. Ke1 c3 39. Nd4 Rb1+ 40. Ke2 Nb4 41. Rxh7 c2 42. Nxc2 Nxc2 43. h3 Nd4+ 44. Kd3 c5 45. Kc4 Rc1+ 46. Kd3 Nc6 47. g4 fxg4 48. hxg4 Rg1 49. f5 Rxg4 50. fxe6 Nxe5+ 51. Kc3 Rg3+ 52. Kc2 Rg6 53. Ra7 Rxe6 54. Kc3 Rc6 55. Ra8+ Kd7 56. Rh8 Kd6 57. Rh6+ Kd5 58. Rh1 Ra6 59. Rd1+ Kc6 60. Rh1 Ra3+ 61. Kb2 Rf3 62. Rh8 Kd5 63. Rd8+ Kc4 64. Rh8 Nc6 65. Ra8 Nb4 66. Rh8 Rf2+ 67. Kc1 Kc3 68. Rh4 Nd3+ 69. Kb1 Rb2+ 70. Ka1 Rb4 71. Rh1 c4 72. Rc1+ Kd4 73. Rc2 Rb8 74. Rc1 c3 75. Rc2 Ra8+ 76. Kb1 Rc8 77. Rh2 Re8 78. Rh4+ Re4 79. Rh1 Re1+ 80. Rxe1 Nxe1 81. Kc1 Kd3 82. Kd1 Nf3 83. Kc1 Nd4 84. Kb1 Ne2 85. Ka1 c2 86. Ka2 c1=Q 87. Kb3 Qc3+ 88. Ka2 Qb4 0-1


[Site "https://www.chess.com"]

[Event "Titled Tuesday Blitz August 17 2021"]
[White "Timmermans, Mark"]
[Black "Eternauta2400"]
[WhiteFideId "1026399"]
[WhiteElo "2460"]
[BlackElo "2570"]
[Result "1-0"]
[Round "08"]
[TimeControl "180+1"]
[Date "2021.08.17"]
[WhiteClock "0:00:19"]
[BlackClock "0:00:38"]

1. b4 e5 2. Bb2 d6 3. b5 g6 4. a4 Bg7 5. c4 f5 6. e3 Nf6 7. Nc3 O-O 8. Nf3 c5 9. d3 h6 10. Be2 Be6 11. Nd2 Kh7 12. Bf3 Qc7 13. a5 Rd8 14. Qb3 g5 15. a6 e4 16. dxe4 g4 17. Be2 fxe4 18. Ncxe4 Nxe4 19. Nxe4 bxa6 20. Bd3 Kh8 21. bxa6 Nc6 22. O-O Rab8 23. Bxg7+ Qxg7 24. Qd1 Ne5 25. Rc1 Rb4 26. Be2 h5 27. Nxc5 Nf3+ 28. Kh1 Qe5 29. gxf3 Qxc5 30. fxg4 hxg4 31. Bxg4 Bxc4 32. Rg1 Rg8 33. Rg3 Rxg4 34. Rh3+ Kg7 35. Qxg4+ Kf6 36. Rf3+ Ke7 37. Qg7+ Ke6 38. Qf7+ Ke5 39. Qf5# 1-0


[Site "https://www.chess.com"]

[Event "Titled Tuesday Blitz August 17 2021"]
[White "Timofeev, Artyom"]
[Black "Nogerbek, Kazybek"]
[WhiteFideId "4140419"]
[BlackFideId "13710427"]
[WhiteElo "2582"]
[BlackElo "2436"]
[Result "1/2-1/2"]
[Round "08"]
[TimeControl "180+1"]
[Date "2021.08.17"]
[WhiteClock "0:00:37"]
[BlackClock "0:00:07"]

1. c4 e5 2. e3 g6 3. Nc3 Bg7 4. Nf3 Ne7 5. Be2 O-O 6. O-O Nbc6 7. b3 e4 8. Ne1 d5 9. cxd5 Nxd5 10. Bb2 Nxc3 11. Bxc3 Bxc3 12. dxc3 Qxd1 13. Rxd1 Be6 14. Nc2 Rfd8 15. Nd4 Nxd4 16. exd4 Rd6 17. f3 exf3 18. Bxf3 c6 19. Kf2 Rad8 20. Rfe1 Kg7 21. Re5 b6 22. Rde1 h5 23. h4 Kf6 24. Kg3 Rc8 25. Kf4 a5 26. R5e3 c5 27. dxc5 Rxc5 28. c4 b5 29. cxb5 Rxb5 30. Re4 Rd2 31. R1e2 Rxe2 32. Rxe2 Rc5 33. Rd2 a4 34. Bd1 axb3 35. Bxb3 Ra5 36. Rd6 Ke7 37. Rb6 Bxb3 38. axb3 Ra2 39. g3 Rf2+ 40. Ke3 Rg2 41. Kf3 Rb2 42. b4 Rb3+ 43. Kf4 Rb2 44. Rb7+ Kf6 45. Rb6+ Ke7 46. b5 Rb3 47. Rb7+ Kf6 48. Rb6+ Ke7 49. Rb8 Kf6 50. b6 Rb4+ 51. Kf3 Kf5 52. b7 f6 53. Ke3 Rb1 54. Kd4 Kg4 55. Rg8 Rxb7 56. Rxg6+ Kf5 57. Rh6 Kg4 58. Rg6+ Kf3 59. Rxf6+ Kxg3 60. Rf5 Kg4 61. Re5 Rb3 62. Re3 Rb4+ 63. Kd3 Kxh4 64. Ke2 Rb2+ 65. Kf1 Rb4 66. Kg1 Rg4+ 67. Kh1 Kg5 68. Kh2 Rh4+ 69. Rh3 Rg4 1/2-1/2


[Site "https://www.chess.com"]

[Event "Titled Tuesday Blitz August 17 2021"]
[White "Tristan, Leonardo"]
[Black "AlexOstrovskiy"]
[WhiteFideId "113816"]
[WhiteElo "2404"]
[BlackElo "2850"]
[Result "0-1"]
[Round "08"]
[TimeControl "180+1"]
[Date "2021.08.17"]
[WhiteClock "0:00:20"]
[BlackClock "0:00:13"]

1. d4 Nf6 2. Nf3 c5 3. c3 d5 4. Bf4 Nc6 5. e3 Qb6 6. Qc2 g6 7. Nbd2 Bg7 8. Be2 O-O 9. O-O Bf5 10. dxc5 Qxc5 11. Qb3 Na5 12. Qd1 Nc6 13. Qb3 Na5 14. Qd1 Qb6 15. Qa4 Rfd8 16. h3 Rac8 17. Rfc1 h6 18. Bh2 g5 19. Nd4 Bd7 20. Bb5 Nc6 21. Nxc6 bxc6 22. Be2 Qxb2 23. Rc2 Qxa1+ 24. Bf1 c5 25. Qxa7 Ne4 26. Nxe4 dxe4 27. Bc7 Bb5 28. Bxd8 Qxf1+ 29. Kh2 Rxd8 30. Qxc5 Qc4 31. Qxe7 Re8 32. Qb7 Be5+ 33. g3 Rd8 34. Qe7 Qc7 35. Qb4 Bd3 36. Rc1 Rd6 37. c4 Rf6 38. Qd2 Rf3 39. c5 Bxg3+ 40. fxg3 Qxg3+ 41. Kh1 Qxh3+ 42. Qh2 Rf1+ 43. Rxf1 Qxf1+ 44. Qg1 Qxg1+ 45. Kxg1 Bb5 46. Kf2 f5 47. Ke1 Kf7 48. Kd2 Ke6 49. Kc3 Kd5 50. Kb4 Bc6 51. a4 Bxa4 52. Kxa4 Kxc5 53. Kb3 f4 54. Kc3 h5 0-1


[Site "https://www.chess.com"]

[Event "Titled Tuesday Blitz August 17 2021"]
[White "Tsaruk, Maksim"]
[Black "Girinath, P.D.S."]
[WhiteFideId "13511173"]
[BlackFideId "5000572"]
[WhiteElo "2184"]
[BlackElo "2333"]
[Result "1/2-1/2"]
[Round "08"]
[TimeControl "180+1"]
[Date "2021.08.18"]
[WhiteClock "0:00:04"]
[BlackClock "0:00:03"]

1. d4 e6 2. c4 f5 3. Nf3 Nf6 4. g3 Be7 5. Bg2 O-O 6. O-O d6 7. Nc3 a5 8. b3 Qe8 9. Qc2 Nc6 10. a3 e5 11. dxe5 dxe5 12. e4 Qh5 13. Bg5 Nd4 14. Nxd4 exd4 15. Bxf6 Bxf6 16. Nd5 Be5 17. f4 d3 18. Qxd3 Bxa1 19. Rxa1 fxe4 20. Qxe4 Kh8 21. Qe7 Bh3 22. Nxc7 Rac8 23. Bxh3 Qxh3 24. Rd1 Qh5 25. Rd7 Rg8 26. Kg2 Qg6 27. Nd5 Rce8 28. Qf7 Re2+ 29. Kf3 Qe4+ 30. Kg4 Rxh2 31. Re7 Qg2 32. Re8 h5+ 33. Kf5 Qc2+ 34. Ke5 Re2+ 35. Kd6 Rexe8 36. Qxh5+ Qh7 37. Qg5 Rd8+ 38. Kc7 Rc8+ 39. Kxb7 Rb8+ 40. Ka7 Rgc8 41. Ne7 g6 42. Qf6+ Qg7 43. Qh4+ Qh7 44. Qf6+ Qg7 45. Qh4+ Qh7 46. Qf6+ 1/2-1/2


[Site "https://www.chess.com"]

[Event "Titled Tuesday Blitz August 17 2021"]
[White "Volkov, Maksim"]
[Black "Tregubov, Pavel V."]
[WhiteFideId "54123070"]
[BlackFideId "4115341"]
[WhiteElo "2113"]
[BlackElo "2423"]
[Result "0-1"]
[Round "08"]
[TimeControl "180+1"]
[Date "2021.08.17"]
[WhiteClock "0:00:03"]
[BlackClock "0:00:08"]

1. d4 Nf6 2. c4 c5 3. d5 b5 4. cxb5 a6 5. bxa6 g6 6. Nc3 Bxa6 7. g3 d6 8. Bg2 Bg7 9. Nf3 Nbd7 10. O-O Qa5 11. Re1 Nb6 12. Qc2 O-O 13. b3 Nfxd5 14. Nxd5 Nxd5 15. Bd2 Nb4 16. Qe4 Qc7 17. a3 Bb7 18. Qh4 Nc2 19. Rac1 Nxe1 20. Rxe1 Rxa3 21. b4 cxb4 22. Rc1 Rc3 23. Rb1 Rc4 24. Qh3 Be4 25. Ng5 h6 26. Nxe4 f5 27. Ng5 hxg5 28. Bd5+ Rf7 29. Bxg5 Rd4 30. e4 Rxd5 31. exd5 Qc4 32. Qg2 b3 33. Qf3 b2 34. Qe3 Qe4 35. Qxe4 fxe4 36. Kf1 Rf5 37. Be3 Rxd5 38. Ke2 Kf7 39. h4 Ke6 40. Bd2 Rc5 41. Kd1 Kd5 42. Be3 Rc4 43. Kd2 Ke6 44. Kd1 d5 45. Bg5 Kd6 46. Kd2 e6 47. Bf4+ Kc5 48. Bg5 Kb4 49. Be7+ Kb3 50. h5 gxh5 51. Rh1 Rc2+ 52. Ke3 Rc1 0-1


[Site "https://www.chess.com"]

[Event "Titled Tuesday Blitz August 17 2021"]
[White "Wagh Suyog"]
[Black "Ibarra Jerez, Jose Carlos"]
[WhiteFideId "25071688"]
[BlackFideId "2226332"]
[WhiteElo "2219"]
[BlackElo "2602"]
[Result "0-1"]
[Round "08"]
[TimeControl "180+1"]
[Date "2021.08.17"]
[WhiteClock "0:00:01"]
[BlackClock "0:00:09"]

1. e4 c5 2. Nf3 e6 3. g3 Nc6 4. Bg2 Nf6 5. Qe2 e5 6. O-O Be7 7. Nc3 O-O 8. Nd5 d6 9. d3 Nxd5 10. exd5 Nb4 11. c4 Bf5 12. Ne1 h6 13. h3 Qd7 14. Kh2 Bh7 15. a3 Na6 16. f4 exf4 17. Bxf4 Rae8 18. Qd2 b5 19. Nf3 Bf6 20. Rae1 Rb8 21. b3 bxc4 22. bxc4 Rb3 23. Qa5 Nc7 24. d4 cxd4 25. Rd1 d3 26. Nd2 Rb2 27. c5 Nb5 28. Nc4 Rxg2+ 29. Kxg2 Be4+ 30. Kh2 dxc5 31. d6 Nd4 32. Qxc5 Rc8 33. Qb4 a5 34. Nb6 Rc2+ 35. Rd2 Qe6 36. Qxa5 Bc6 37. Rxc2 dxc2 38. Qd2 Qe4 39. d7 c1=Q 40. Rxc1 Nf3+ 41. Kh1 Nxd2+ 0-1


[Site "https://www.chess.com"]

[Event "Titled Tuesday Blitz August 17 2021"]
[White "Wagner, Dennis"]
[Black "Makhnev, Denis"]
[WhiteFideId "24650684"]
[BlackFideId "13707647"]
[WhiteElo "2355"]
[BlackElo "2537"]
[Result "1-0"]
[Round "08"]
[TimeControl "180+1"]
[Date "2021.08.17"]
[WhiteClock "0:00:06"]
[BlackClock "0:00:02"]

1. d4 Nf6 2. c4 e6 3. Nf3 b6 4. a3 Ba6 5. Qc2 c5 6. d5 exd5 7. cxd5 g6 8. Nc3 Bg7 9. e4 Bxf1 10. Kxf1 d6 11. h4 O-O 12. h5 a6 13. h6 Bh8 14. Bf4 Re8 15. a4 Ng4 16. g3 Qe7 17. Kg2 Nd7 18. Rae1 Rab8 19. Qe2 b5 20. axb5 axb5 21. Nxb5 Nde5 22. Nxe5 Nxe5 23. Ra1 Qd7 24. Ra5 Rb6 25. Rha1 Reb8 26. Nc3 Qe8 27. R1a2 Bf6 28. Ra7 g5 29. Bc1 Ng6 30. Qf3 Bd4 31. Ne2 Rb3 32. Qf5 Bh8 33. Bxg5 R3b4 34. Nc3 Rxb2 35. Rxb2 Rxb2 36. Bf6 Rb8 37. Bxh8 Nxh8 38. Qg5+ Ng6 39. Qf6 Qf8 40. e5 Nxe5 41. Ne4 Ng6 42. Ng5 Ne5 43. Ne6 1-0


[Site "https://www.chess.com"]

[Event "Titled Tuesday Blitz August 17 2021"]
[White "Woodward, Andy"]
[Black "davigator"]
[WhiteFideId "30953499"]
[WhiteElo "2137"]
[BlackElo "2358"]
[Result "1-0"]
[Round "08"]
[TimeControl "180+1"]
[Date "2021.08.18"]
[WhiteClock "0:00:04"]
[BlackClock "0:00:15"]

1. d4 Nf6 2. c4 e6 3. Nc3 Bb4 4. Qc2 c5 5. dxc5 Nc6 6. Nf3 h6 7. g3 Bxc5 8. Bg2 O-O 9. O-O a6 10. b3 Qe7 11. a3 Rd8 12. Bb2 d5 13. cxd5 Nxd5 14. Rad1 Ba7 15. Nxd5 exd5 16. Nd4 Nxd4 17. Bxd4 Bxd4 18. Rxd4 Be6 19. b4 a5 20. Qd2 axb4 21. axb4 Ra4 22. Rd1 Rda8 23. h4 Ra2 24. Qe3 Qd6 25. Kh2 Rb2 26. Bxd5 Bxd5 27. Rxd5 Qxb4 28. Rd8+ Rxd8 29. Rxd8+ Kh7 30. Qd3+ g6 31. Rd7 Qb3 32. Qxb3 Rxb3 33. Rxf7+ Kg8 34. Rc7 Rb2 35. Re7 b5 36. Kg2 b4 37. e3 b3 38. Rb7 Kf8 39. g4 Kg8 40. Kg3 Kf8 41. f3 Rb1 42. Kf4 Kg8 43. e4 b2 44. h5 gxh5 45. gxh5 Kh8 46. Kf5 Kg8 47. f4 Kh8 48. e5 Kg8 49. e6 Kh8 50. Kf6 Rf1 51. Rxb2 Rxf4+ 52. Ke7 Kg7 53. Rg2+ Kh7 54. Rg6 Ra4 55. Kf8 Ra8+ 56. Kf7 Ra1 57. e7 Rf1+ 58. Rf6 Rg1 59. e8=Q Rg5 60. Ke6 Rg7 61. Qg6+ Kg8 62. Qxg7+ Kxg7 63. Rg6+ Kh7 64. Kf7 Kh8 65. Rxh6# 1-0


[Site "https://www.chess.com"]

[Event "Titled Tuesday Blitz August 17 2021"]
[White "Yeletsky, Ivan"]
[Black "Goryachkina, Aleksandra"]
[WhiteFideId "24180327"]
[BlackFideId "4147103"]
[WhiteElo "2344"]
[BlackElo "2441"]
[Result "1-0"]
[Round "08"]
[TimeControl "180+1"]
[Date "2021.08.17"]
[WhiteClock "0:00:31"]
[BlackClock "0:00:05"]

1. d4 Nf6 2. c4 e6 3. Nf3 d5 4. g3 Bb4+ 5. Bd2 Bd6 6. Nc3 O-O 7. Bg2 c6 8. O-O Nbd7 9. b3 h6 10. Qc2 Re8 11. Rfd1 Qe7 12. Rab1 dxc4 13. bxc4 e5 14. e3 exd4 15. exd4 Nf8 16. Re1 Qd8 17. a4 Rxe1+ 18. Rxe1 Be6 19. Qd3 c5 20. d5 Bg4 21. Nh4 Qd7 22. a5 Re8 23. Rxe8 Qxe8 24. Ne4 Nxe4 25. Bxe4 Nd7 26. Bh7+ Kf8 27. Bf5 Nf6 28. Bxg4 Nxg4 29. Nf5 Be5 30. h3 Nf6 31. Be3 b6 32. Qb3 Qd7 33. axb6 axb6 34. Qxb6 Kg8 35. g4 h5 36. f3 hxg4 37. hxg4 Qa4 38. Ne7+ Kh7 39. Qb1+ g6 40. Qf1 Kg7 41. Nc6 Bd6 42. Qe2 Qa1+ 43. Kg2 Nd7 44. Bd2 Ne5 45. Nxe5 Bxe5 46. Qd3 Bd4 47. Be3 Qb2+ 48. Qd2 Qa1 49. Bxd4+ cxd4 50. c5 Qc3 51. Qf4 Qxc5 52. Qe5+ Kf8 53. Qb8+ Kg7 54. d6 d3 55. d7 Qc2+ 56. Kg3 Qc3 57. d8=Q Qe1+ 58. Kf4 Qd2+ 59. Ke4 Qe2+ 60. Kd4 1-0


[Site "https://www.chess.com"]

[Event "Titled Tuesday Blitz August 17 2021"]
[White "Yilmaz, Mustafa"]
[Black "Urazayev, Arystanbek"]
[WhiteFideId "6302718"]
[BlackFideId "13709810"]
[WhiteElo "2518"]
[BlackElo "2321"]
[Result "0-1"]
[Round "08"]
[TimeControl "180+1"]
[Date "2021.08.17"]
[WhiteClock "0:00:02"]
[BlackClock "0:00:14"]

1. d4 d5 2. c4 e6 3. Nc3 Nf6 4. Nf3 a6 5. cxd5 exd5 6. Bg5 Be6 7. e3 Nbd7 8. Bd3 c6 9. O-O Bd6 10. Bf4 Qb8 11. Qd2 O-O 12. h3 Re8 13. Rab1 g6 14. Rfe1 Nh5 15. Bxd6 Qxd6 16. Ng5 Ng7 17. Nxe6 Rxe6 18. Ne2 Ree8 19. a4 a5 20. b4 axb4 21. Rxb4 Ra7 22. Reb1 b6 23. Nc3 Rea8 24. e4 dxe4 25. Nxe4 Qe7 26. Re1 Ne6 27. Bc4 Rxa4 28. Rxa4 Rxa4 29. Bxe6 fxe6 30. Ng5 Nf8 31. Nf3 Qd6 32. Qc2 b5 33. h4 Rc4 34. Qb1 b4 35. h5 Rc3 36. hxg6 hxg6 37. Ng5 Qxd4 38. Nxe6 Qd3 39. Qxb4 Nxe6 40. Rxe6 Qd1+ 41. Kh2 Qh5+ 42. Kg1 Rc1+ 43. Re1 Rxe1+ 44. Qxe1 Qd5 45. Qe8+ Kg7 46. Qe7+ Kh6 47. Qf8+ Kh7 48. Qe7+ Kg8 49. Qf6 Kh7 50. Qe7+ Kg8 51. Qe8+ Kg7 52. Qe7+ Qf7 53. Qe5+ Qf6 54. Qc7+ Kh6 55. Qc8 Qa1+ 56. Kh2 Qe5+ 57. g3 Qf6 58. f4 g5 59. Qg8 gxf4 60. gxf4 Qxf4+ 61. Kg2 Qe4+ 62. Kf2 Qd4+ 63. Ke2 c5 64. Qf8+ Kg5 65. Qg8+ Kf5 66. Qf8+ Ke4 67. Qe8+ Kd5 68. Qf7+ Kc6 69. Qe8+ Kb6 70. Qb8+ Ka5 71. Qa7+ Kb4 72. Qb8+ Kc3 73. Qb7 Qd3+ 74. Ke1 Qd2+ 75. Kf1 c4 76. Qb5 Qd3+ 77. Ke1 Qe3+ 78. Kf1 Kd3 79. Qd5+ Qd4 80. Qf5+ Kc3 81. Qa5+ Kd3 82. Qf5+ Kd2 83. Qa5+ c3 0-1


[Site "https://www.chess.com"]

[Event "Titled Tuesday Blitz August 17 2021"]
[White "Zakaryan_David"]
[Black "Seo, Jung Min"]
[BlackFideId "1734687"]
[WhiteElo "2578"]
[BlackElo "2486"]
[Result "1/2-1/2"]
[Round "08"]
[TimeControl "180+1"]
[Date "2021.08.17"]
[WhiteClock "0:00:24"]
[BlackClock "0:00:01"]

1. e4 g6 2. d4 Bg7 3. c4 d6 4. Nc3 Nc6 5. d5 Nd4 6. Be3 e5 7. Nge2 Nxe2 8. Bxe2 f5 9. exf5 gxf5 10. Bh5+ Kf8 11. f4 e4 12. Qc2 Nf6 13. Be2 c5 14. dxc6 bxc6 15. O-O-O Be6 16. g4 fxg4 17. f5 Bxf5 18. Rhf1 Qd7 19. Bc5 Ke8 20. Rxd6 Qc8 21. Qa4 Kf7 22. Rxc6 Qd7 23. Nd5 Nxd5 24. cxd5 Kg8 25. Bc4 h5 26. Qa5 Rc8 27. Rxc8+ Qxc8 28. d6+ Kh7 29. Qc7 Qxc7 30. dxc7 Kg6 31. Rxf5 Kxf5 32. Ba6 Be5 33. c8=Q+ Rxc8 34. Bxc8+ Kf4 35. Bxa7 Kf3 36. b4 Bxh2 37. b5 e3 38. Bxe3 Kxe3 39. Kd1 Bc7 40. Ke1 Kf3 41. Kf1 Bb6 42. Bb7+ Kf4 43. a4 h4 44. Bc8 h3 45. Bb7 g3 46. Bc6 Ke3 47. Bb7 Kd4 48. Bc6 Kc5 49. Bb7 Kb4 50. Bc6 Kxa4 51. Ba8 Kxb5 52. Be4 Kb4 53. Ba8 Kc3 54. Bb7 Kd4 55. Ba8 Ke3 56. Bb7 Kf4 57. Ba8 Kg4 58. Bb7 Bc7 59. Bc8+ Kh4 60. Bb7 Bd6 61. Ba8 Bf4 62. Bb7 Be3 63. Ba8 Kg5 64. Bc6 Kf4 65. Bb7 Bc5 66. Bc6 Ke3 67. Bb7 Kd2 68. Bc6 Kc3 69. Bb7 Kb4 70. Be4 Kb5 71. Ba8 Kb6 72. Bf3 Kc7 73. Be4 Kd6 74. Bf3 Ke5 75. Ba8 Kf4 76. Bb7 Ke5 77. Bc6 Kf4 78. Bb7 1/2-1/2


[Site "https://www.chess.com"]

[Event "Titled Tuesday Blitz August 17 2021"]
[White "sganerdene"]
[Black "Rozhkov, Viacheslav"]
[BlackFideId "4181484"]
[WhiteElo "2626"]
[BlackElo "2324"]
[Result "0-1"]
[Round "08"]
[TimeControl "180+1"]
[Date "2021.08.17"]
[WhiteClock "0:00:02"]
[BlackClock "0:00:08"]

1. e4 c5 2. Nf3 d6 3. d4 cxd4 4. Nxd4 Nf6 5. Nc3 Nc6 6. Bg5 Bd7 7. Qd2 Rc8 8. Nb3 h6 9. Be3 Ng4 10. Bf4 e5 11. Bg3 Be7 12. Be2 Nf6 13. O-O O-O 14. Rfe1 Be6 15. Rad1 a6 16. Bf1 b5 17. Nd5 Bxd5 18. exd5 Nb8 19. Na5 Qb6 20. c4 Rfe8 21. cxb5 axb5 22. Qb4 Rc5 23. Nc4 Qc7 24. Ne3 Nbd7 25. Bxb5 Rb8 26. a4 Nb6 27. Nf5 Bf8 28. b3 Nbxd5 29. Qd2 Nc3 30. Bc4 Nxd1 31. Qxd1 Rxc4 32. bxc4 Qxc4 33. Nxd6 Bxd6 34. Qxd6 Re8 35. a5 Qc3 36. Qd1 Qxa5 37. h3 e4 38. Re3 Qf5 39. Re1 Nd5 40. Qd2 g6 41. Qd4 h5 42. h4 Nf6 43. Rf1 Ng4 0-1


[Site "https://www.chess.com"]

[Event "Titled Tuesday Blitz August 17 2021"]
[White "Abdurakhmonov, Mukhammadali"]
[Black "Taichman, Ori"]
[WhiteFideId "14207346"]
[BlackFideId "2804069"]
[WhiteElo "2749"]
[BlackElo "2642"]
[Result "1-0"]
[Round "09"]
[TimeControl "180+1"]
[Date "2021.08.17"]
[WhiteClock "0:00:45"]
[BlackClock "0:00:22"]

1. e4 c5 2. Nc3 Nc6 3. Nge2 g6 4. d4 cxd4 5. Nxd4 Bg7 6. Be3 Nf6 7. Nxc6 bxc6 8. e5 Ng8 9. Bd4 f6 10. f4 Qa5 11. Qd2 fxe5 12. fxe5 Bxe5 13. Qg5 d6 14. Bxe5 Qxe5+ 15. Qxe5 dxe5 16. O-O-O Nf6 17. Re1 Nd7 18. Bc4 Rf8 19. Ne4 a5 20. Ng5 Nb6 21. Bd3 Bf5 22. Nxh7 Rh8 23. Ng5 Bxd3 24. cxd3 O-O-O 25. Rxe5 Rxd3 26. Rxa5 Rg3 27. Nf7 Rh7 28. Rg5 Rd3 29. Ne5 Rd5 30. Nf3 Rxg5 31. Nxg5 Rh4 32. Nf3 Rg4 33. g3 Nd5 34. Re1 Rb4 35. Ne5 g5 36. Re2 Kb7 37. a3 Rd4 38. Ng6 g4 39. Nxe7 Kb6 40. Nxd5+ cxd5 41. Rd2 Rc4+ 42. Kd1 Kc5 43. Rc2 Kd4 44. Rxc4+ dxc4 45. Kc2 Ke3 46. a4 Kf2 47. a5 Kg2 48. a6 Kxh2 49. a7 Kxg3 50. a8=Q Kh2 51. Qh8+ Kg2 52. Qc3 g3 53. Qxc4 Kh1 54. Qh4+ Kg2 55. b4 Kf3 56. b5 g2 57. Qe1 1-0


[Site "https://www.chess.com"]

[Event "Titled Tuesday Blitz August 17 2021"]
[White "Alavkin, Arseny"]
[Black "Ayushh, Ravikumar"]
[WhiteFideId "4120612"]
[BlackFideId "35039482"]
[WhiteElo "2391"]
[BlackElo "1441"]
[Result "1/2-1/2"]
[Round "09"]
[TimeControl "180+1"]
[Date "2021.08.18"]
[WhiteClock "0:00:08"]
[BlackClock "0:00:08"]

1. e4 e5 2. d4 exd4 3. c3 d5 4. exd5 Qxd5 5. cxd4 Nf6 6. Nc3 Qd8 7. Nf3 Be7 8. Bc4 O-O 9. h3 c6 10. O-O Nd5 11. Bxd5 cxd5 12. Qb3 Nc6 13. Qxd5 Qxd5 14. Nxd5 Rd8 15. Nxe7+ Nxe7 16. Bg5 f6 17. Bf4 Nd5 18. Bg3 Be6 19. Rac1 Rac8 20. a3 Rxc1 21. Rxc1 Rc8 22. Rxc8+ Bxc8 23. Kf1 Kf7 24. Ke2 Bd7 25. Ne1 Bb5+ 26. Kd2 Ke6 27. Nd3 Bxd3 28. Kxd3 Kd7 29. Ke4 Ke6 30. a4 a6 31. a5 Nb4 32. Bc7 Nd5 33. Bd8 f5+ 34. Kf3 g6 35. g3 Nb4 36. Ke2 Nd5 37. Kd3 Kd7 38. Kc4 Kc6 39. Bg5 Kd6 40. Bf4+ Kc6 41. Be5 Ne7 42. g4 Nd5 43. gxf5 gxf5 44. Bg3 Ne7 45. Bh4 Nd5 46. Bd8 Kd6 47. b4 Kc6 48. h4 h5 49. Bg5 Nc7 50. Bf6 Nd5 51. Bd8 Nf4 52. Be7 Nd5 53. Bc5 Nf4 54. d5+ Nxd5 55. Kd4 Nf4 56. Ke5 Ng6+ 57. Kxf5 Nxh4+ 58. Kg5 Nf3+ 59. Kxh5 Kd5 60. Kg4 Ke4 61. Kg3 Nd2 62. Kg4 Nf3 63. Kh5 Ne5 64. Kg5 Nf3+ 65. Kf6 Kd5 66. Ke7 Ne5 67. f4 Ng6+ 68. Kd7 Nxf4 69. Kc7 Nd3 70. Kxb7 Nxc5+ 71. bxc5 Kxc5 72. Kxa6 Kc6 73. Ka7 Kc7 74. a6 Kc8 75. Kb6 Kb8 76. a7+ Ka8 77. Ka6 1/2-1/2


[Site "https://www.chess.com"]

[Event "Titled Tuesday Blitz August 17 2021"]
[White "Aldokhin, Ivan"]
[Black "Richter, Nils"]
[WhiteFideId "24115720"]
[BlackFideId "12990809"]
[WhiteElo "2306"]
[BlackElo "2289"]
[Result "1-0"]
[Round "09"]
[TimeControl "180+1"]
[Date "2021.08.17"]
[WhiteClock "0:00:02"]
[BlackClock "0:00:07"]

1. e4 c5 2. Nf3 d6 3. d4 cxd4 4. Nxd4 Nf6 5. Nc3 a6 6. Bc4 e6 7. Bb3 Be7 8. Be3 b5 9. f3 Bd7 10. Qe2 Nc6 11. O-O-O Nxd4 12. Bxd4 O-O 13. g4 b4 14. Na4 Rb8 15. Qf2 Bb5 16. e5 Nd7 17. exd6 Bxd6 18. Kb1 Bf4 19. Nc5 Qc7 20. Nxd7 Bxd7 21. Ba7 Rb7 22. Be3 Bxe3 23. Qxe3 a5 24. Rd4 a4 25. Bc4 e5 26. Re4 b3 27. cxb3 axb3 28. Bxb3 Bc6 29. Rc4 Qd6 30. Rd1 Qf6 31. Rc3 Rfb8 32. Rdc1 Be8 33. Rc7 g6 34. Rxb7 Rxb7 35. Rc8 Qe7 36. Ba4 Rxb2+ 37. Kxb2 Qb4+ 38. Bb3 Kf8 39. Qxe5 Qd2+ 40. Ka3 Qc1+ 41. Rxc1 f6 42. Qxf6+ Bf7 43. Rc8# 1-0


[Site "https://www.chess.com"]

[Event "Titled Tuesday Blitz August 17 2021"]
[White "Atabayev, Saparmyrat"]
[Black "Cunjalo, Faris"]
[WhiteFideId "14000571"]
[BlackFideId "14410710"]
[WhiteElo "2483"]
[BlackElo "2234"]
[Result "0-1"]
[Round "09"]
[TimeControl "180+1"]
[Date "2021.08.17"]
[WhiteClock "0:00:12"]
[BlackClock "0:00:14"]

1. e4 c5 2. Nf3 Nc6 3. d4 cxd4 4. Nxd4 Nf6 5. Nc3 d6 6. Bg5 e6 7. Qd2 a6 8. O-O-O Bd7 9. f4 b5 10. Nxc6 Bxc6 11. Bd3 Be7 12. Qe3 Ng4 13. Qg3 Bxg5 14. Qxg4 Bf6 15. e5 dxe5 16. Bxb5 Qb6 17. Bxc6+ Qxc6 18. f5 exf5 19. Qxf5 g6 20. Qf2 O-O 21. Nd5 Bg5+ 22. Kb1 Rad8 23. Qf3 Qe6 24. h4 e4 25. Qb3 Bh6 26. g4 Bg7 27. c3 Qxg4 28. h5 Qe6 29. hxg6 hxg6 30. Qb7 Rfe8 31. Nc7 Rxd1+ 32. Rxd1 Qg4 33. Rf1 Qe2 34. Qxa6 Qxa6 35. Nxa6 f5 36. Kc2 e3 37. Nc5 e2 38. Re1 f4 39. Nd3 f3 40. a4 g5 41. Nf2 Be5 42. Rg1 Bf4 43. Nd3 f2 44. Nxf2 e1=Q 45. Rxe1 Rxe1 46. Kd3 Re3+ 47. Kd4 Re2 48. Nd3 Bb8 49. b4 g4 50. c4 g3 51. c5 g2 52. Kd5 g1=Q 53. c6 Rd2 54. Kc4 Qf1 55. Kb5 Qxd3+ 56. Kb6 Qd4+ 57. Kb7 Qa7+ 58. Kc8 Qc7# 0-1


[Site "https://www.chess.com"]

[Event "Titled Tuesday Blitz August 17 2021"]
[White "Avramidou, Anastasia"]
[Black "Kavyev, Ruslan"]
[WhiteFideId "4239873"]
[BlackFideId "34110981"]
[WhiteElo "2183"]
[BlackElo "2172"]
[Result "0-1"]
[Round "09"]
[TimeControl "180+1"]
[Date "2021.08.17"]
[WhiteClock "0:01:30"]
[BlackClock "0:01:34"]

1. Nf3 Nf6 2. g3 g6 3. Bg2 Bg7 4. O-O O-O 5. d4 c5 6. d5 d6 7. c4 b5 8. cxb5 a6 9. bxa6 Bf5 10. Nc3 Ne4 11. Nxe4 Bxe4 12. Nh4 Bxg2 13. Nxg2 Rxa6 14. e4 Nd7 15. Qe2 Qa8 16. Bg5 Re8 17. a3 h6 18. Bf4 Rb8 19. Rab1 Rab6 20. Bc1 Rb3 21. h4 h5 22. Bg5 Rxb2 23. Rxb2 Rxb2 24. Qe3 Kf8 25. Bh6 Qa4 26. Bxg7+ Kxg7 27. Rd1 Qxd1+ 0-1


[Site "https://www.chess.com"]